[Event "Titled Tuesday Blitz May 9 Late 2023"]
[White "Stead, Kerry"]
[Black "Vargas, Mauricio"]
[WhiteFideId "3202577"]
[BlackFideId "4404572"]
[WhiteElo "1997"]
[BlackElo "1986"]
[Result "0-1"]
[Round "07"]
[TimeControl "180+2"]
[Date "2023.05.09"]
[WhiteClock "0:00:00"]
[BlackClock "0:00:50"]

1. d4 d5 2. e4 dxe4 3. Nc3 f5 4. f3 Nf6 5. Bg5 h6 6. Bxf6 exf6 7. fxe4 fxe4 8. Nxe4 Be6 9. Nf3 Bd6 10. Bd3 O-O 11. c3 Nc6 12. O-O f5 13. Nxd6 Qxd6 14. Qe2 Rfe8 15. Qc2 Ne7 16. Rae1 Rac8 17. Qa4 a6 18. Rxe6 Qxe6 19. Bc4 Nd5 20. Re1 Qf7 21. Rxe8+ Rxe8 22. Ne5 Qe6 0-1


[Site "https://www.chess.com"]

[Event "Titled Tuesday Blitz May 9 Late 2023"]
[White "Chessadiction1990"]
[Black "Maluco_do_Natal_00"]
[WhiteElo "2135"]
[BlackElo "2029"]
[Result "1-0"]
[Round "07"]
[TimeControl "180+2"]
[Date "2023.05.09"]
[WhiteClock "0:01:08"]
[BlackClock "0:00:21"]

1. d4 d5 2. Nc3 Nf6 3. Bf4 e6 4. e3 a6 5. Nf3 Nbd7 6. Bd3 c5 7. O-O c4 8. Be2 b5 9. Ne5 Bb7 10. h3 Be7 11. Bh2 b4 12. Nb1 O-O 13. f4 Ne4 14. Nd2 f5 15. Nxe4 fxe4 16. Bg4 Rf6 17. f5 exf5 18. Bxf5 Nxe5 19. Bxe5 Rf8 20. Qh5 Rxf5 21. Qxf5 Qe8 22. Qe6+ Kh8 23. Rf7 Bf8 24. Qxe8 Rxe8 25. Rxb7 1-0


[Site "https://www.chess.com"]

[Event "Titled Tuesday Blitz May 9 Late 2023"]
[White "Sanchez, Robert"]
[Black "Cruz Gomez, Miguel Angel"]
[WhiteFideId "2034360"]
[BlackFideId "5137160"]
[WhiteElo "1856"]
[BlackElo "2126"]
[Result "0-1"]
[Round "07"]
[TimeControl "180+2"]
[Date "2023.05.09"]
[WhiteClock "0:01:49"]
[BlackClock "0:01:39"]

1. e4 c5 2. d4 cxd4 3. c3 Nf6 4. e5 Nd5 5. Bc4 Nb6 6. Bb3 e6 7. Nf3 d6 8. exd6 Bxd6 9. cxd4 Nc6 10. Nc3 Ne7 11. O-O O-O 12. Qe2 Bd7 13. Ne4 Bc6 14. Nxd6 Qxd6 15. Rd1 Bd5 16. Bc2 h6 17. Qd3 f5 18. Ne5 Be4 19. Qe2 Bxc2 20. Qxc2 Rac8 21. Qb3 Rfd8 22. Bxh6 gxh6 23. Qg3+ Kh7 24. Qh4 Rg8 25. Qxh6+ Kxh6 26. Nf7+ Kh7 27. Nxd6 Rc2 28. Nxb7 Ned5 29. Rac1 Rxb2 30. Nc5 Nf4 0-1


[Site "https://www.chess.com"]

[Event "Titled Tuesday Blitz May 9 Late 2023"]
[White "Andreikin, Dmitry"]
[Black "Sarana, Alexey"]
[WhiteFideId "4158814"]
[BlackFideId "24133795"]
[WhiteElo "2736"]
[BlackElo "2714"]
[Result "0-1"]
[Round "08"]
[TimeControl "180+2"]
[Date "2023.05.09"]
[WhiteClock "0:00:10"]
[BlackClock "0:00:09"]

1. c4 e6 2. Nc3 d5 3. d4 Nf6 4. Bg5 c5 5. e3 cxd4 6. exd4 Be7 7. Nf3 O-O 8. Rc1 Nc6 9. c5 Ne4 10. Bxe7 Qxe7 11. Bb5 Nxc3 12. Rxc3 e5 13. dxe5 Nxe5 14. O-O Bg4 15. Be2 Bxf3 16. Bxf3 Nxf3+ 17. Qxf3 d4 18. Rc4 Rad8 19. Qd3 Qf6 20. h3 Rd5 21. b4 g6 22. b5 Rc8 23. Rfc1 Qg5 24. c6 Rxb5 25. c7 Rd5 26. R1c2 Qe5 27. Qb3 b6 28. Qa4 d3 29. Rc1 d2 30. Rd1 b5 31. Qa6 Rxc7 32. Rxc7 Qxc7 33. Qa3 Qd7 34. h4 h5 35. g3 Qe6 36. Kh2 Qe2 37. Qb3 Qxf2+ 38. Kh3 Qf5+ 39. Kh2 Rd3 40. Qc2 Qf2+ 41. Kh1 Qf3+ 0-1


[Site "https://www.chess.com"]

[Event "Titled Tuesday Blitz May 9 Late 2023"]
[White "Carlsen, Magnus"]
[Black "Martinez Alcantara, Jose Eduardo"]
[WhiteFideId "1503014"]
[BlackFideId "3805662"]
[WhiteElo "2852"]
[BlackElo "2711"]
[Result "1/2-1/2"]
[Round "08"]
[TimeControl "180+2"]
[Date "2023.05.09"]
[WhiteClock "0:00:25"]
[BlackClock "0:00:27"]

1. a3 a6 2. d4 d5 3. Bf4 Nf6 4. e3 Bg4 5. f3 Bf5 6. g4 Bg6 7. h4 h5 8. g5 Nfd7 9. Bd3 Bxd3 10. Qxd3 g6 11. c4 dxc4 12. Qxc4 Nc6 13. Nc3 Nb6 14. Qb3 Bg7 15. Nge2 O-O 16. O-O-O Na5 17. Qc2 Nac4 18. Kb1 Qd7 19. Be5 Rfd8 20. Qe4 Bxe5 21. dxe5 Nd2+ 22. Rxd2 Qxd2 23. Rd1 Qxd1+ 24. Nxd1 Rxd1+ 25. Ka2 e6 26. Qxb7 Rf8 27. Nc3 Rd2 28. Qxc7 Rc8 29. Qxb6 Rxc3 30. Qxa6 Rxe3 31. a4 Kg7 32. Qb6 Rxe5 33. a5 Rdd5 34. a6 Ra5+ 35. Kb1 Reb5 36. Qd4+ e5 37. Qd6 Ra4 38. Qf6+ Kg8 39. Qd8+ Kg7 40. Qf6+ Kg8 41. Qd8+ Kg7 42. Qd6 Rba5 43. Qf6+ Kg8 44. Qd8+ Kg7 45. Qf6+ Kg8 46. Qd8+ Kg7 47. Qf6+ 1/2-1/2


[Site "https://www.chess.com"]

[Event "Titled Tuesday Blitz May 9 Late 2023"]
[White "Chigaev, Maksim"]
[Black "Nakamura, Hikaru"]
[WhiteFideId "4108116"]
[BlackFideId "2016192"]
[WhiteElo "2558"]
[BlackElo "2885"]
[Result "0-1"]
[Round "08"]
[TimeControl "180+2"]
[Date "2023.05.09"]
[WhiteClock "0:00:00"]
[BlackClock "0:00:29"]

1. e4 e5 2. Nf3 Nc6 3. Bc4 Nf6 4. d3 Bc5 5. c3 d6 6. Bg5 h6 7. Bh4 a6 8. Nbd2 Ba7 9. a4 Qe7 10. Qe2 Be6 11. h3 O-O 12. g4 Bxc4 13. Nxc4 Qe6 14. Bxf6 Qxf6 15. Rg1 Ne7 16. g5 hxg5 17. Ne3 Bxe3 18. fxe3 Qh6 19. Rxg5 g6 20. h4 f6 21. Rg3 Rf7 22. Kd2 Raf8 23. Rag1 Kh8 24. h5 g5 25. Nh2 f5 26. exf5 Rxf5 27. R1g2 d5 28. Kc2 e4 29. dxe4 dxe4 30. Qc4 Qd6 31. Ng4 Nc6 32. Rh3 Rd8 33. Rh1 Qd3+ 34. Qxd3 exd3+ 35. Kd2 Na5 36. Kc1 Nb3+ 37. Kb1 b5 38. axb5 Rxb5 39. Ka2 Rdb8 0-1


[Site "https://www.chess.com"]

[Event "Titled Tuesday Blitz May 9 Late 2023"]
[White "Fernandez Guillen, Ernesto J."]
[Black "Zhigalko, Sergei"]
[WhiteFideId "3512428"]
[BlackFideId "13502956"]
[WhiteElo "2429"]
[BlackElo "2626"]
[Result "0-1"]
[Round "08"]
[TimeControl "180+2"]
[Date "2023.05.09"]
[WhiteClock "0:00:04"]
[BlackClock "0:00:02"]

1. e4 c5 2. Nf3 Nc6 3. d4 cxd4 4. Nxd4 Nf6 5. Nc3 e5 6. Ndb5 d6 7. Bg5 a6 8. Na3 b5 9. Nd5 Be7 10. Bxf6 Bxf6 11. c4 b4 12. Nc2 O-O 13. g3 a5 14. Bg2 Bg5 15. O-O Ne7 16. Nde3 Bxe3 17. Nxe3 Be6 18. Qd3 Qc7 19. Rfd1 Rfd8 20. b3 Nc6 21. f4 f6 22. Nd5 Bxd5 23. exd5 Nd4 24. fxe5 fxe5 25. Be4 g6 26. Rf1 a4 27. Kg2 Kg7 28. h4 Qe7 29. Qe3 axb3 30. axb3 Ra3 31. Rxa3 bxa3 32. h5 gxh5 33. Rh1 h6 34. Rxh5 Qf6 35. Rh1 a2 36. Ra1 Ra8 37. b4 Qg5 38. Qd3 h5 39. Kh2 h4 40. gxh4 Qxh4+ 41. Kg2 Qg4+ 42. Kf2 Rf8+ 43. Ke1 Qg1+ 44. Kd2 Qf2+ 45. Kc3 Ne2+ 46. Kb3 Nf4 47. Qc2 Qe3+ 48. Kb2 Rb8 49. Rxa2 Rxb4+ 50. Ka1 Qg1+ 51. Qb1 Rxb1+ 52. Bxb1 Qd4+ 0-1


[Site "https://www.chess.com"]

[Event "Titled Tuesday Blitz May 9 Late 2023"]
[White "Yoo, Christopher Woojin"]
[Black "Naroditsky, Daniel"]
[WhiteFideId "30909694"]
[BlackFideId "2026961"]
[WhiteElo "2519"]
[BlackElo "2633"]
[Result "1-0"]
[Round "08"]
[TimeControl "180+2"]
[Date "2023.05.09"]
[WhiteClock "0:00:04"]
[BlackClock "0:00:01"]

1. e4 c5 2. Nf3 d6 3. d4 cxd4 4. Nxd4 Nf6 5. Nc3 a6 6. Bg5 e6 7. f4 Be7 8. Qf3 Qc7 9. O-O-O Nbd7 10. g4 h6 11. Qh3 Nc5 12. Bg2 Bd7 13. Bh4 g5 14. Bxg5 O-O-O 15. Bh4 Kb8 16. Qf3 Rhe8 17. Rhe1 Rc8 18. Kb1 Qb6 19. Nb3 Bc6 20. Bf2 Qc7 21. Nd4 Bd7 22. e5 dxe5 23. fxe5 Ng8 24. h4 Red8 25. Qe3 Be8 26. Ka1 Qb6 27. Rb1 Bxh4 28. Bxh4 Rxd4 29. Bf2 Rxg4 30. Bf3 Rc4 31. b3 Rb4 32. Ne4 Rb5 33. Nd6 Bd7 34. Nxc8 Bxc8 35. b4 Nd7 36. c4 Qxe3 37. Bxe3 Nxe5 38. Bf4 Rb6 39. Bxe5+ Ka8 40. Rg1 Ne7 41. Rg7 Ng6 42. Bg3 a5 43. Rg8 axb4 44. Rxc8+ Ka7 45. Bf2 Ne5 46. Rxb4 Nxf3 47. Bxb6+ 1-0


[Site "https://www.chess.com"]

[Event "Titled Tuesday Blitz May 9 Late 2023"]
[White "Salinas Herrera, Pablo"]
[Black "Moussard, Jules"]
[WhiteFideId "3407128"]
[BlackFideId "642908"]
[WhiteElo "2546"]
[BlackElo "2610"]
[Result "1-0"]
[Round "08"]
[TimeControl "180+2"]
[Date "2023.05.09"]
[WhiteClock "0:00:13"]
[BlackClock "0:00:12"]

1. e4 c5 2. Nf3 d6 3. d4 cxd4 4. Nxd4 Nf6 5. Nc3 a6 6. Be2 e6 7. O-O Be7 8. a4 O-O 9. Be3 Qc7 10. f4 b6 11. Bf3 Bb7 12. g4 Nc6 13. g5 Nd7 14. Nb3 Nc5 15. Nd2 Rfe8 16. Bg2 Rad8 17. Qg4 Bf8 18. Rf3 Nb4 19. Rc1 d5 20. Rh3 d4 21. Qh4 h6 22. gxh6 dxe3 23. Nf3 f6 24. hxg7 Bxg7 25. e5 Qf7 26. Qh7+ Kf8 27. Nh4 Ke7 28. Rg3 Rg8 29. Bxb7 Nxb7 30. Ne4 fxe5 31. Ng6+ Kd7 32. Nxe5+ Kc8 33. Nxf7 e2 34. Re1 Bd4+ 1-0


[Site "https://www.chess.com"]

[Event "Titled Tuesday Blitz May 9 Late 2023"]
[White "Ibarra Jerez, Jose Carlos"]
[Black "Paravyan, David"]
[WhiteFideId "2226332"]
[BlackFideId "4194985"]
[WhiteElo "2638"]
[BlackElo "2563"]
[Result "1/2-1/2"]
[Round "08"]
[TimeControl "180+2"]
[Date "2023.05.09"]
[WhiteClock "0:00:15"]
[BlackClock "0:00:16"]

1. e4 e5 2. Nf3 Nf6 3. Nc3 Nc6 4. h3 d5 5. exd5 Nxd5 6. Bb5 Nxc3 7. bxc3 Bd6 8. O-O O-O 9. d4 Bd7 10. Re1 Nxd4 11. Nxd4 exd4 12. Bxd7 Qxd7 13. cxd4 Rfe8 14. Rxe8+ Rxe8 15. Be3 Qb5 16. Qb1 Qxb1+ 17. Rxb1 b6 18. c4 f5 19. Kf1 Kf7 20. Bd2 Re4 21. Bc3 Be7 22. Re1 Rxe1+ 23. Kxe1 Bf6 24. Kd2 c6 25. a4 Ke6 26. Kd3 a6 27. Bd2 h5 28. f3 Be7 29. Be3 Bd8 30. g4 g6 31. Bf4 Be7 32. Be3 Bd6 33. gxh5 gxh5 34. d5+ cxd5 35. Bxb6 dxc4+ 36. Kxc4 Ke5 37. Be3 Be7 38. Bd2 Bf8 39. Bc1 Bd6 40. Bd2 Be7 41. Bc1 Bh4 42. Be3 Be7 43. Bc1 Bf8 44. Bd2 Bd6 45. Bc1 Bb8 46. Be3 f4 47. Bf2 Bd6 48. Bd4+ Ke6 49. Bf2 Be7 50. Bc5 Bf6 51. Bb6 Be7 52. Bc7 Kf5 53. Kd5 Kg5 54. Ke6 Bf6 55. Bxf4+ Kxf4 56. Kxf6 h4 57. a5 Kxf3 58. Kf5 Kg3 59. Ke4 Kxh3 60. Kf3 Kh2 61. Kf2 h3 62. Kf1 Kg3 63. Kg1 Kf3 64. Kh2 Kg4 65. Kh1 Kf4 66. Kh2 Ke3 67. Kxh3 Kd2 68. Kg2 Kc3 69. Kf1 Kb4 70. Ke1 Kxa5 71. Kd1 Kb4 72. Kc2 Ka3 73. Kb1 Kb3 74. Ka1 a5 75. Kb1 a4 76. Ka1 a3 77. Kb1 a2+ 78. Ka1 Ka3 1/2-1/2


[Site "https://www.chess.com"]

[Event "Titled Tuesday Blitz May 9 Late 2023"]
[White "Xiong, Jeffery"]
[Black "Bortnyk, Olexandr"]
[WhiteFideId "2047640"]
[BlackFideId "14120828"]
[WhiteElo "2726"]
[BlackElo "2734"]
[Result "0-1"]
[Round "08"]
[TimeControl "180+2"]
[Date "2023.05.09"]
[WhiteClock "0:00:07"]
[BlackClock "0:00:24"]

1. d4 Nf6 2. Nf3 b6 3. c4 Bb7 4. g3 g6 5. Bg2 Bg7 6. O-O O-O 7. Qc2 Na6 8. Nc3 c5 9. d5 Ne8 10. e4 e5 11. a3 Nd6 12. Qd3 f5 13. Re1 Qf6 14. b3 Rae8 15. Bb2 f4 16. g4 g5 17. h4 gxh4 18. Bh3 Nf7 19. Kf1 h6 20. Ke2 Ng5 21. Rh1 Nc7 22. Bg2 Nxf3 23. Bxf3 Qd8 24. Rh3 Bf6 25. Rah1 Bg5 26. Kd1 d6 27. Be2 Bc8 28. R3h2 f3 29. Bxf3 Rf7 30. Be2 Ref8 31. f3 a6 32. Bc1 Bd7 33. a4 b5 34. cxb5 axb5 35. axb5 Na8 36. Bd2 Nb6 37. Be1 Qa8 38. Bxh4 Bf4 39. Rh3 c4 40. bxc4 Rc8 41. Ke1 Rxc4 42. Nd1 Bxb5 43. Qb3 Qa5+ 44. Kf2 Rb4 45. Qc2 Bxe2 46. Qxe2 Ra4 47. Nb2 Ra2 48. Rb1 Na4 0-1


[Site "https://www.chess.com"]

[Event "Titled Tuesday Blitz May 9 Late 2023"]
[White "Pranav, V"]
[Black "Rodshtein, Maxim"]
[WhiteFideId "25060783"]
[BlackFideId "2806851"]
[WhiteElo "2515"]
[BlackElo "2555"]
[Result "1-0"]
[Round "08"]
[TimeControl "180+2"]
[Date "2023.05.09"]
[WhiteClock "0:00:05"]
[BlackClock "0:00:01"]

1. e4 c5 2. Nf3 Nc6 3. Bb5 e6 4. Bxc6 bxc6 5. O-O d6 6. d4 cxd4 7. Nxd4 c5 8. Nb3 Nf6 9. Re1 Qc7 10. c4 Bb7 11. Nc3 a6 12. Bf4 Nd7 13. Qg4 h5 14. Qh3 Be7 15. Qe3 f6 16. h3 g5 17. Bh2 Ne5 18. Nd2 g4 19. Rad1 Kf7 20. h4 Bf8 21. b3 Ng6 22. Bg3 Bh6 23. Qd3 Rad8 24. Nf1 Ne5 25. Qc2 Bc6 26. Ne3 Qa5 27. Kh2 Rd7 28. Kg1 Qb4 29. Kh2 Rdd8 30. Kg1 Qb7 31. Kh2 Kg7 32. Nf1 Qe7 33. Kg1 Bb7 34. Ne3 Qf7 35. Nf1 Qg6 36. Qb1 Rd7 37. Na4 Rhd8 38. Nc3 Nc6 39. Ne2 e5 40. Ne3 Bxe3 41. fxe3 Ne7 42. Nc3 f5 43. Rf1 Bxe4 44. Nxe4 fxe4 45. Kh2 Kh7 46. Rd2 Rg8 47. Rdf2 Qh6 48. Qxe4+ Qg6 49. Rf7+ Rg7 50. Rxg7+ Kxg7 51. Qa8 Kh7 52. Qf8 Ng8 53. e4 Nh6 54. a3 Rf7 55. Rxf7+ Nxf7 56. b4 Qg7 57. Qe7 cxb4 58. axb4 Qg6 59. c5 dxc5 60. bxc5 Kh6 61. Bxe5 Qxe4 62. Bg7+ Kxg7 63. Qxe4 1-0


[Site "https://www.chess.com"]

[Event "Titled Tuesday Blitz May 9 Late 2023"]
[White "Terry, Renato"]
[Black "Sattarov, Bobir"]
[WhiteFideId "3803457"]
[BlackFideId "14203081"]
[WhiteElo "2575"]
[BlackElo "2351"]
[Result "1-0"]
[Round "08"]
[TimeControl "180+2"]
[Date "2023.05.09"]
[WhiteClock "0:01:31"]
[BlackClock "0:01:36"]

1. Nf3 Nf6 2. d4 d5 3. c4 e6 4. e3 Be7 5. b3 O-O 6. Bd3 a5 7. O-O a4 8. bxa4 dxc4 9. Bxc4 b6 10. Nc3 Bb7 11. Bb2 Nc6 12. Qe2 Na5 13. Bb5 Nd5 14. Rfc1 c5 15. dxc5 Bxc5 16. Ne4 Be7 17. Ne5 Rc8 18. Nd7 Re8 19. Qg4 g6 20. Qg3 Bc6 21. Qe5 f6 22. Qxe6+ Kg7 23. Bxc6 Rxc6 24. Rxc6 Nxc6 25. Qxc6 Nb4 26. Qxf6+ Bxf6 27. Bxf6+ Kf7 28. Bxd8 Rxd8 29. Nxb6 Nxa2 30. a5 Nb4 31. g4 h6 32. a6 1-0


[Site "https://www.chess.com"]

[Event "Titled Tuesday Blitz May 9 Late 2023"]
[White "Kollars, Dmitrij"]
[Black "Mekhitarian, Krikor Sevag"]
[WhiteFideId "12909572"]
[BlackFideId "2107660"]
[WhiteElo "2584"]
[BlackElo "2604"]
[Result "1-0"]
[Round "08"]
[TimeControl "180+2"]
[Date "2023.05.09"]
[WhiteClock "0:01:20"]
[BlackClock "0:00:13"]

1. e4 e6 2. d4 d5 3. Nc3 Nf6 4. Bg5 dxe4 5. Nxe4 Be7 6. Nxf6+ Bxf6 7. Bxf6 Qxf6 8. Nf3 b6 9. Bb5+ c6 10. Bd3 Bb7 11. Qe2 O-O 12. Qe4 g6 13. h4 Nd7 14. h5 Rab8 15. Qe3 c5 16. hxg6 hxg6 17. O-O-O Bxf3 18. gxf3 cxd4 19. Qh6 Qg7 20. Qg5 Nc5 21. Rh6 Nxd3+ 22. Rxd3 Rbc8 23. f4 Rc5 24. Qh4 Rfc8 25. Rh3 Rxc2+ 26. Kd1 Rc1+ 27. Kd2 R1c2+ 28. Kd3 R2c3+ 29. bxc3 Rxc3+ 30. Kd2 Rxh3 31. Qxh3 Qf6 32. Qh4 Qg7 33. Qd8+ 1-0


[Site "https://www.chess.com"]

[Event "Titled Tuesday Blitz May 9 Late 2023"]
[White "Tang, Andrew"]
[Black "Bitoon, Richard"]
[WhiteFideId "2059630"]
[BlackFideId "5201110"]
[WhiteElo "2596"]
[BlackElo "2374"]
[Result "1-0"]
[Round "08"]
[TimeControl "180+2"]
[Date "2023.05.09"]
[WhiteClock "0:00:06"]
[BlackClock "0:00:41"]

1. d4 Nf6 2. c4 g6 3. f3 Bg7 4. e4 d6 5. Nc3 c6 6. Nge2 a6 7. Be3 b5 8. c5 O-O 9. cxd6 exd6 10. Nf4 Re8 11. Be2 b4 12. Na4 Nxe4 13. fxe4 Rxe4 14. Qd2 Qe7 15. Nb6 Rxe3 16. Nxc8 Qh4+ 17. g3 Rxg3 18. O-O-O Rg5 19. Nxd6 Bh6 20. Rhf1 Rd5 21. Nxf7 Kxf7 22. Nxd5+ Kg7 23. Nf4 Nd7 24. Kb1 Re8 25. Bc4 Nf6 26. Qf2 Qg4 27. Nh5+ 1-0


[Site "https://www.chess.com"]

[Event "Titled Tuesday Blitz May 9 Late 2023"]
[White "Rasulov, Vugar"]
[Black "Wieczorek, Oskar"]
[WhiteFideId "13402390"]
[BlackFideId "1133950"]
[WhiteElo "2509"]
[BlackElo "2418"]
[Result "0-1"]
[Round "08"]
[TimeControl "180+2"]
[Date "2023.05.09"]
[WhiteClock "0:00:00"]
[BlackClock "0:00:46"]

1. e4 c5 2. Nf3 e6 3. d4 cxd4 4. Nxd4 Nf6 5. Nc3 d6 6. g4 e5 7. Nf5 h5 8. gxh5 Nxe4 9. Nxg7+ Bxg7 10. Nxe4 d5 11. h6 Bxh6 12. Qxd5 Qxd5 13. Nf6+ Kf8 14. Nxd5 Bxc1 15. Rxc1 Nc6 16. c3 Bf5 17. Bg2 Rd8 18. Ne3 Be6 19. a3 f5 20. Nc2 Ke7 21. Nb4 Na5 22. f3 Nc4 23. Rc2 Ne3 24. Re2 f4 25. Nc2 Rd1+ 26. Kf2 Rxh1 0-1


[Site "https://www.chess.com"]

[Event "Titled Tuesday Blitz May 9 Late 2023"]
[White "Sargsyan, Shant"]
[Black "Krzyzanowski, Marcin"]
[WhiteFideId "13306766"]
[BlackFideId "1132199"]
[WhiteElo "2628"]
[BlackElo "2471"]
[Result "1-0"]
[Round "08"]
[TimeControl "180+2"]
[Date "2023.05.09"]
[WhiteClock "0:02:03"]
[BlackClock "0:00:07"]

1. g3 e5 2. c4 Nc6 3. Bg2 Bc5 4. e3 d6 5. Nc3 a5 6. Nge2 Ba7 7. d4 Nge7 8. Nb5 Bb8 9. O-O O-O 10. b3 exd4 11. exd4 Na7 12. Nbc3 c6 13. Re1 Ng6 14. Nf4 Nxf4 15. Bxf4 Bc7 16. Qd2 h6 17. h4 Rb8 18. d5 Bf5 19. Be4 Qf6 20. Bxf5 Qxf5 21. Re7 Bd8 22. Re2 Nc8 23. Rae1 Bf6 24. Ne4 Be5 25. Bxe5 dxe5 26. Qxa5 cxd5 27. cxd5 Qg6 28. Qc7 Ra8 29. d6 f5 30. d7 fxe4 31. d8=Q Rxd8 32. Qxd8+ Kh7 33. Rxe4 Nb6 34. Qd2 Rc8 35. Qe2 Nd5 36. h5 Qf6 37. Rxe5 Nc3 38. Qd3+ Kg8 39. Re8+ Rxe8 40. Rxe8+ Kf7 41. Qd7+ Qe7 42. Qxe7# 1-0


[Site "https://www.chess.com"]

[Event "Titled Tuesday Blitz May 9 Late 2023"]
[White "Kramnik, Vladimir"]
[Black "Harshavardhan G B"]
[WhiteFideId "4101588"]
[BlackFideId "25059009"]
[WhiteElo "2703"]
[BlackElo "2323"]
[Result "1-0"]
[Round "08"]
[TimeControl "180+2"]
[Date "2023.05.09"]
[WhiteClock "0:00:20"]
[BlackClock "0:00:09"]

1. e4 c5 2. Nf3 d6 3. Bc4 Nf6 4. d3 Nc6 5. O-O e6 6. Bb3 Be7 7. c3 O-O 8. a4 a6 9. Re1 Rb8 10. d4 cxd4 11. cxd4 e5 12. d5 Na5 13. Bc2 b5 14. axb5 axb5 15. b3 b4 16. Be3 Bg4 17. Nbd2 Rc8 18. h3 Bh5 19. Ra4 Bg6 20. Bb1 Nb7 21. Rxb4 Nc5 22. Bxc5 Rxc5 23. Nc4 Qa8 24. Nh4 Rb8 25. Nxg6 hxg6 26. Ra4 Qb7 27. Bc2 Rbc8 28. Na5 Qb6 29. Nc6 Bf8 30. b4 Rc3 31. Qd2 R3xc6 32. dxc6 Qxc6 33. Ra2 d5 34. exd5 Qxd5 35. Qxd5 Nxd5 36. Bb3 Nxb4 37. Ra7 Bc5 38. Rxf7 Kh7 39. Re4 g5 40. Rc4 Nd3 41. Bc2 Bxf2+ 42. Rxf2 1-0


[Site "https://www.chess.com"]

[Event "Titled Tuesday Blitz May 9 Late 2023"]
[White "Mazurkiewicz, Michal"]
[Black "Makarian, Rudik"]
[WhiteFideId "1124943"]
[BlackFideId "44105681"]
[WhiteElo "2054"]
[BlackElo "2461"]
[Result "0-1"]
[Round "08"]
[TimeControl "180+2"]
[Date "2023.05.09"]
[WhiteClock "0:00:00"]
[BlackClock "0:01:48"]

1. e4 c5 2. Nf3 Nc6 3. g3 e6 4. d3 d5 5. Nbd2 Nf6 6. Bg2 Be7 7. O-O O-O 8. e5 Nd7 9. Re1 Qc7 10. Qe2 b5 11. h4 Bb7 12. Nf1 Rfc8 13. c3 b4 14. Bf4 a5 15. Ne3 Qd8 16. h5 h6 17. Ng4 a4 18. a3 Bf8 19. Ngh2 Ra6 20. g4 Be7 21. Qe3 Rb6 22. g5 hxg5 23. Nxg5 Ncxe5 24. axb4 cxb4 25. Qg3 bxc3 26. h6 Bf6 27. h7+ Kh8 28. d4 cxb2 29. dxe5 Bxg5 30. Bxg5 bxa1=Q 31. Rxa1 Qf8 0-1


[Site "https://www.chess.com"]

[Event "Titled Tuesday Blitz May 9 Late 2023"]
[White "Tari, Aryan"]
[Black "Kucuksari, Kaan"]
[WhiteFideId "1510045"]
[BlackFideId "6380166"]
[WhiteElo "2571"]
[BlackElo "2364"]
[Result "1-0"]
[Round "08"]
[TimeControl "180+2"]
[Date "2023.05.09"]
[WhiteClock "0:00:12"]
[BlackClock "0:00:00"]

1. e4 c5 2. Nc3 Nc6 3. f4 g6 4. Nf3 Bg7 5. Bb5 e6 6. Bxc6 bxc6 7. O-O Ne7 8. d3 Ba6 9. Qe1 O-O 10. Kh1 f5 11. e5 Nd5 12. Na4 d6 13. Bd2 Bb5 14. Nc3 Nxc3 15. Bxc3 d5 16. b3 c4 17. dxc4 dxc4 18. Rd1 Qe7 19. Nd4 cxb3 20. Nxb5 bxc2 21. Rc1 cxb5 22. Bb4 Qc7 23. Bxf8 Bxf8 24. Rf2 Rc8 25. Qe2 Qa5 26. h3 Qxa2 27. Qxb5 Ba3 28. Qd7 Rc5 29. Rd2 Rd5 30. Qxe6+ Kg7 31. Rxd5 Kh6 32. Rd6 Qxe6 33. Rxe6 Bxc1 34. Rc6 Bxf4 35. e6 Kg7 36. Rxc2 Kf6 37. Rc6 a5 38. Ra6 Be5 39. Kg1 a4 40. Kf2 a3 41. Kf3 a2 42. Rxa2 Kxe6 43. Ra7 h5 44. Ra6+ Kf7 45. Ke3 h4 46. Kd3 Kg7 47. Kc4 Kh6 48. Kd5 Bg7 49. Ke6 Kg5 50. Kf7 Be5 51. Rxg6+ Kf4 52. Ke6 Ke4 53. Rg5 Bg3 54. Rxf5 Ke3 55. Kf6 Ke4 56. Kg5 Ke3 57. Kg4 Ke2 58. Rf3 Be1 59. Rf8 Bg3 60. Rh8 Kf2 61. Rxh4 1-0


[Site "https://www.chess.com"]

[Event "Titled Tuesday Blitz May 9 Late 2023"]
[White "Tatarinov, Dmitry"]
[Black "Pichot, Alan"]
[WhiteFideId "24160067"]
[BlackFideId "110973"]
[WhiteElo "2326"]
[BlackElo "2573"]
[Result "1/2-1/2"]
[Round "08"]
[TimeControl "180+2"]
[Date "2023.05.09"]
[WhiteClock "0:00:17"]
[BlackClock "0:00:04"]

1. e4 e5 2. Nf3 Nc6 3. Bb5 a6 4. Ba4 Nf6 5. d3 d6 6. O-O b5 7. Bb3 Na5 8. Re1 Be7 9. Bg5 O-O 10. Nc3 c6 11. d4 Qc7 12. dxe5 dxe5 13. Nh4 h6 14. Bxf6 Bxf6 15. Nf5 Rd8 16. Qf3 Bg5 17. Rad1 Nxb3 18. axb3 Be6 19. h4 Be7 20. Qg3 Bf8 21. Nxh6+ Kh7 22. Ng4 f6 23. Ne3 a5 24. h5 Qf7 25. Qf3 Bc5 26. Nf5 Bb4 27. Rxd8 Rxd8 28. Rd1 Rxd1+ 29. Nxd1 Qd7 30. Nde3 Bc5 31. Kh2 Bxe3 32. Nxe3 Qd4 33. Nf5 Qxb2 34. Qg4 Bxf5 35. Qxf5+ Kh8 36. Qc8+ Kh7 37. Qf5+ Kh8 38. h6 Qxc2 39. Qg6 gxh6 40. Qxh6+ Kg8 41. Qg6+ Kf8 42. Qxf6+ Kg8 43. Qd8+ Kf7 44. Qd7+ Kf8 45. Qd6+ Kg8 46. Qxe5 Qxf2 47. Qe6+ Kg7 48. Qxc6 Qh4+ 49. Kg1 Qe1+ 50. Kh2 Qb4 51. Qd7+ Kf8 52. Qf5+ Ke8 53. Qg6+ Kd8 54. Qf6+ Kd7 55. Qf5+ Kc7 56. g4 a4 57. bxa4 bxa4 58. g5 a3 59. g6 Qd2+ 60. Kh3 a2 61. Qf7+ Kb6 62. Qf6+ Kc5 63. g7 Qe3+ 64. Kh2 Qe2+ 65. Kh3 Qe3+ 66. Kh2 Qe2+ 67. Kg3 Qe3+ 68. Qf3 Qg1+ 69. Qg2 a1=Q 70. g8=Q Qae1+ 71. Kh3 Qee3+ 72. Q8g3 Qh6+ 73. Kg4 Qg6+ 74. Kf4 Qc1+ 75. Kf3 Qc3+ 76. Kf2 Qd2+ 77. Kg1 Qd1+ 78. Kh2 Qh6+ 79. Q3h3 Qf4+ 80. Qhg3 Qh5+ 81. Kg1 Qc1+ 82. Qf1 Qxf1+ 83. Kxf1 Qh1+ 84. Qg1+ Qxg1+ 85. Kxg1 Kd4 86. Kf2 Kxe4 1/2-1/2


[Site "https://www.chess.com"]

[Event "Titled Tuesday Blitz May 9 Late 2023"]
[White "Grigorov, Grigor"]
[Black "Simonian, Hrair"]
[WhiteFideId "2907313"]
[BlackFideId "13302337"]
[WhiteElo "2510"]
[BlackElo "2447"]
[Result "1-0"]
[Round "08"]
[TimeControl "180+2"]
[Date "2023.05.09"]
[WhiteClock "0:00:02"]
[BlackClock "0:00:05"]

1. d4 Nf6 2. Nf3 d5 3. c4 e6 4. g3 Be7 5. Bg2 O-O 6. O-O dxc4 7. Qc2 a6 8. a4 Bd7 9. Qxc4 Bc6 10. Bg5 a5 11. Nc3 Nbd7 12. Rfd1 h6 13. Bxf6 Nxf6 14. Qd3 Rc8 15. e4 b6 16. Ne5 Bb7 17. d5 exd5 18. exd5 Bd6 19. Nc4 Re8 20. Bh3 Ra8 21. Nxd6 Qxd6 22. Bg2 Ba6 23. Qd4 Rad8 24. Rac1 Nd7 25. Ne4 Qe5 26. Qxe5 Nxe5 27. Rxc7 Nd3 28. Rb1 f5 29. Nc3 Nxb2 30. Bf1 Bxf1 31. Kxf1 Rc8 32. d6 Rxc7 33. dxc7 Nc4 34. Nd5 Kf7 35. Rc1 Nd6 36. Nxb6 Nc8 37. Nc4 Re7 38. Nxa5 Ke6 39. Re1+ Kd6 40. Rxe7 Nxe7 41. Nc4+ Kxc7 42. Ke2 Kc6 43. Kd3 Kc5 44. Ne3 g6 45. Kc3 Nc6 46. f4 Nd4 47. Kd3 Nf3 48. h4 Nd4 49. Nc4 Ne6 50. Ne5 Nf8 51. Kc3 h5 52. Nd3+ Kd5 53. a5 Kc6 54. Kc4 Nd7 55. Ne5+ Nxe5+ 56. fxe5 Kd7 57. a6 g5 58. a7 gxh4 59. a8=Q f4 60. Qe4 1-0


[Site "https://www.chess.com"]

[Event "Titled Tuesday Blitz May 9 Late 2023"]
[White "Remizov, Yaroslav"]
[Black "Matinian, Nikita"]
[WhiteFideId "34134015"]
[BlackFideId "24129100"]
[WhiteElo "2400"]
[BlackElo "2422"]
[Result "1-0"]
[Round "08"]
[TimeControl "180+2"]
[Date "2023.05.09"]
[WhiteClock "0:00:13"]
[BlackClock "0:00:00"]

1. e4 c5 2. Nf3 e6 3. d4 cxd4 4. Nxd4 Nc6 5. Nc3 Nf6 6. Nxc6 bxc6 7. e5 Nd5 8. Ne4 Bb7 9. Be2 Qb8 10. f4 c5 11. O-O Ne3 12. Bxe3 Bxe4 13. Bf3 Qb7 14. b3 Be7 15. Qd2 O-O 16. Rad1 Rfd8 17. Qa5 Bxf3 18. Rxf3 Qb4 19. Bd2 Qd4+ 20. Kh1 d5 21. exd6 Rxd6 22. Rd3 Qf2 23. Be3 Rxd3 24. Rxd3 Qf1+ 25. Bg1 Qxf4 26. Rd7 Bf6 27. Rxa7 Rf8 28. Qxc5 h5 29. a4 h4 30. h3 Be5 31. a5 Rd8 32. Rd7 Rxd7 33. Qc8+ Kh7 34. Qxd7 f5 35. Qxe6 Qe4 36. a6 f4 37. Qg4 Bd4 38. Qxh4+ Kg6 39. Qg4+ Kh6 40. Qf3 Qe5 41. a7 Bxg1 42. a8=Q Qe1 43. Qxf4+ 1-0


[Site "https://www.chess.com"]